 Dungeon Crawl Stone Soup version 0.30-a0-964-gd452b5e7fa (webtiles) character file.

Game seed: 9273382648590411723

58 vishdafish the Conjurer (level 3, -4/24 HPs)
             Began as a Demonspawn Conjurer on Mar 30, 2023.
             Killed by nerve-wracking pain
             ... invoked by an orc priest
              (7 damage)
             ... on level 3 of the Dungeon.
             The game lasted 00:02:16 (2001 turns).

vishdafish the Conjurer (Demonspawn Conjurer)       Turns: 2001, Time: 00:02:18

Health: -4/24      AC:  7    Str:  9    XL:     3   Next: 75%
Magic:  5/7        EV: 12    Int: 24    God:
Gold:   94         SH:  0    Dex: 11    Spells: 7/8 levels left

rFire   . . .      SeeInvis .    c - +0 dagger
rCold   + . .      Faith    .    (no shield)
rNeg    . . .      Spirit   .    a - +0 robe
rPois   .          Reflect  .    s - +0 helmet
rElec   .          Rampage  .    l - +1 cloak "Wedghocw" {rC+ Str+2 Int+3}
rCorr   .                        r - +0 pair of gloves
Will    .....                    (no boots)
Stlth   ++                       (no amulet)
HPRegen 0.24/turn                (no ring)
MPRegen 0.10/turn                (no ring)

@: no status effects
A: sharp scales 1, demonic magic 1
a: no special abilities


You were on level 3 of the Dungeon.
You visited 1 branch of the dungeon, and saw 3 of its levels.

You collected 94 gold pieces.

Inventory:

Hand Weapons
 c - a +0 dagger (weapon)
Missiles
 e - 4 curare-tipped darts
Armour
 a - a +0 robe (worn)
 l - the +1 cloak "Wedghocw" (worn) {rC+ Str+2 Int+3}
   (You found it on level 2 of the Dungeon)

   Str:       It affects your strength (+2).
   Int:       It affects your intelligence (+3).
   rC:        It protects you from cold.
 r - a +0 pair of gloves (worn)
 s - a +0 helmet (worn)
Wands
 j - a wand of iceblast (7)
 o - a wand of flame (27)
Scrolls
 f - 2 scrolls of blinking {unknown}
 g - 3 scrolls of identify {unknown}
 k - a scroll of magic mapping {unknown}
 m - a scroll of teleportation {unknown}
 n - a scroll of vulnerability {unknown}
 p - a scroll of immolation {unknown}
 q - a scroll of enchant weapon {unknown}
Potions
 b - a potion of magic
 d - a potion of curing {unknown}
 h - a potion of invisibility {unknown}
 i - a potion of might {unknown}


   Skills:
 - Level 1.7 Dodging
 - Level 1.7 Stealth
 + Level 3.1 Spellcasting
 + Level 4.7 Conjurations


You had 7 spell levels left.
You knew the following spells:

 Your Spells              Type           Power      Damage    Failure   Level
a - Magic Dart            Conj           100%       1d8       1%          1

Your spell library contained the following spells:

 Spells                   Type           Power      Damage    Failure   Level
 Searing Ray              Conj           52%        2d6       2%          2
 Dazzling Flash           Conj/Hex       30%        N/A       12%         3
 Sublimation of Blood     Necr           3%         N/A       16%         2
 Fulminant Prism          Conj/Hex       7%         3d7       38%         4
 Iskenderun's Mystic Bla  Conj/Tloc      15%        2d5       38%         4
 Petrify                  Tmut/Erth      3%         N/A       71%         4
 Irradiate                Conj/Tmut      7%         3d14      75%         5


Dungeon Overview and Level Annotations

Branches:
Dungeon (3/15)

Altars:


Innate Abilities, Weirdness & Mutations

You are partially covered in razor-sharp scales. (AC +1, Slay +1)
Spells you cast may paralyse adjacent enemies.


Message History

You're too confused to cast spells.
You're too confused to cast spells.
There are no items here.
You closely miss the orc wizard.
The orc wizard is heavily wounded.
The orc priest mumbles some strange prayers to Beogh against you.
Beogh smites you!
Ouch! That really hurt!
The orc wizard closely misses you.
You hit the orc wizard.
The orc wizard is heavily wounded.
You feel less confused. The orc priest barely misses you.
The orc wizard hits you with a +0 dagger.
* * * LOW HITPOINT WARNING * * *
You are too injured to fight recklessly!
Aiming: Magic Dart (safe; 1% risk of failure)
Press: ? - help, Q - select action, (/) - cycle Shift-Dir - straight line, f/p - orc wizard
Aim: an orc wizard, wielding a +0 dagger and wearing a +0 robe (heavily wounded, 100% to hit)
The magic dart hits the orc wizard.
The orc wizard is severely wounded.
Malevolent energies surge around you.
The orc priest suddenly stops moving!
The orc wizard mumbles some strange words.
The orc wizard flickers and vanishes!
Deactivating autopickup; reactivate with Ctrl-A.
The helpless orc priest fails to defend itself.
You puncture the orc priest!
The orc priest is severely wounded.
You hear some strange, mumbled words.
A puff of flame appears from out of thin air!
The puff of flame hits you.
* * * LOW HITPOINT WARNING * * *
The helpless orc priest fails to defend itself.
You hit the orc priest but do no damage.
You punch the orc priest, but do no damage.
The orc priest is severely wounded.
The orc priest is no longer paralysed.
The orc priest calls down the wrath of Beogh upon you.
Pain shoots through your body!
You die...

### ..# #.#
#.# .
####.####....
#...{@.......
#.##o####...#
#. #)# # ..
... ## .##.
## .# $# .#


You could see an orc priest.

Vanquished Creatures
  2 dart slugs (D:1)
  2 orcs (D:3)
  4 endoplasms
  3 giant cockroaches (D:1)
  3 goblins (D:1)
  5 hobgoblins (D:1)
  7 jackals (D:1)
  A kobold (D:1)
  2 quokkas (D:1)
  3 ball pythons
  7 bats
  2 frilled lizards
  2 rats (D:1)
43 creatures vanquished.

Notes
Turn   | Place    | Note
-------+----------+-------------------------------------------
     0 | D:1      | vishdafish the Demonspawn Conjurer began the quest for the
                  | Orb.
     0 | D:1      | Reached XP level 1. HP: 13/13 MP: 3/3
   147 | D:1      | Gained mutation: Spells you cast may paralyse adjacent
                  | enemies. [demonic ancestry]
   147 | D:1      | Reached XP level 2. HP: 17/19 MP: 1/5
   527 | D:1      | Gained mutation: You are partially covered in razor-sharp
                  | scales. (AC +1, Slay +1) [demonic ancestry]
   527 | D:1      | Reached XP level 3. HP: 24/24 MP: 4/7
  1252 | D:2      | Identified the +1 cloak "Wedghocw" {rC+ Str+2 Int+3}
  2001 | D:3      | Killed from afar by an orc priest

Illustrated notes

Levels and vault maps discovered:
D:1:      shiori_arrival_maze, layout_loops_ring
D:2:      layout_basic
D:3:      layout_loops_corners, shapermc_ecumenical_altar_flowoftime,
          small_statue_intersection, minmay_misc_feat_chi, uniq_robin

Skill      XL: |  1  2  3 |
---------------+----------+-----
Spellcasting   | 3 |  3.1
Dodging        | |  1.7
Stealth        | |  1.7
Conjurations   | |  4.7

Action                     || total
---------------------------++-------
  Melee: Dagger            ||    67
         Punch             ||     1
   Cast: Magic Dart        ||    73
   Stab: Paralysed         ||     5
 Armour: Robe              ||    17
  Dodge: Dodged            ||    49

Table legend: (Time is in decaauts)
 A = Elapsed time spent in this place.
 B = Non-inter-level travel time spent in this place.
 C = Inter-level travel time spent in this place.
 D = Time resting spent in this place.
 E = Time spent auto-exploring this place.
 F = Levels seen in this place.
 G = Mean time per level.
                   A        B        C        D        E       F      G
               +--------+--------+--------+--------+--------+-----+--------+
         Total |   2000 |   1924 |     76 |      0 |   1679 |   3 |  666.7 |
       Dungeon |   2000 |   1924 |     76 |      0 |   1679 |   3 |  666.7 |
               +--------+--------+--------+--------+--------+-----+--------+

Top non-repeatable levels by time:
     D:1: 1187 daAuts
     D:2: 794 daAuts
     D:3: 19 daAuts
